 Dungeon Crawl Stone Soup version 0.25.0-10-g039870ee82 (webtiles) character file.

Game seed: 13971218297869976607

13398 shadizar the Covert (level 12, -12/85 HPs)
             Began as an Octopode Fighter on June 22, 2020.
             Was a Priest of Okawaru.
             Killed from afar by an ice dragon (51 damage)
             ... with a blast of cold
             ... in an ice cave.
             The game lasted 00:29:19 (13205 turns).

shadizar the Covert (Octopode Fighter)             Turns: 13205, Time: 00:29:19

Health: -12/85     AC:  3    Str: 16    XL:     12   Next: 5%
Magic:  16/16      EV: 26    Int: 13    God:    Okawaru [***...]
Gold:   983        SH: 19    Dex: 22    Spells: 11/11 levels left

rFire    . . .     SeeInvis .   a - +4 long sword
rCold    . . .     Gourm    .   b - +5 kite shield
rNeg     + + .     Faith    .   r - +2 hat
rPois    +         Spirit   .   o - amulet of magic regeneration
rElec    .         Reflect  .   t - +6 ring of intelligence
rCorr    .         Harm     .   k - ring of positive energy
MR       +....                  v - ring of protection from magic
Stlth    +++++++...             l - ring "Uhoguduss" {+Fly rPois rN+ Int-3 Dex+6}
HPRegen  0.24/turn              (no ring)
MPRegen  0.40/turn              (no ring)
                                (no ring)
                                (no ring)

@: mighty, heroism, hasted, very quick
A: almost no armour, stealthy swim, amphibious, 8 rings, constrict 8, camouflage
1, gelatinous body 1
a: Heroism, Renounce Religion, Evoke Flight


You were in an ice cave.
You worshipped Okawaru.
Okawaru was most pleased with you.
You were not hungry.

You visited 2 branches of the dungeon, and saw 12 of its levels.
You also visited: Ossuary and Ice Cave.

You collected 983 gold pieces.

Inventory:

Hand Weapons
 a - a +4 long sword (weapon)
 y - the +10 great sword "Fotaoj" {drain, *Slow rElec Str+6 Int-3}
   (You found it on level 6 of the Dungeon)

   A truly terrible weapon, it drains the life of those it strikes.
   It affects your strength (+6).
   It affects your intelligence (-3).
   It insulates you from electricity.
   It may slow you when you take damage.
 E - a +2 great sword of freezing
Armour
 b - a +5 kite shield (worn)
 r - a +2 hat (worn)
Jewellery
 k - a ring of positive energy (right tentacle)
 l - the ring "Uhoguduss" (on tentacle) {+Fly rPois rN+ Int-3 Dex+6}
   (You acquired it on level 10 of the Dungeon)

   [ring of flight]

   It affects your intelligence (-3).
   It affects your dexterity (+6).
   It protects you from poison.
   It protects you from negative energy.
   It lets you fly.
 o - an amulet of magic regeneration (around mantle)
 t - a +6 ring of intelligence (left tentacle)
 v - a ring of protection from magic (on tentacle)
 B - an uncursed amulet of the acrobat
 F - a cursed amulet of inaccuracy
Wands
 g - a wand of polymorph (7)
 u - a wand of random effects (15)
 A - a wand of clouds (10)
 D - a wand of iceblast (11)
Scrolls
 e - 12 scrolls of remove curse
 h - 2 scrolls of fog
 n - 6 scrolls of amnesia
 p - a scroll of magic mapping
 x - 5 scrolls of teleportation
 z - a scroll of identify
 G - a scroll of enchant armour
Potions
 f - a potion of resistance
 i - 6 potions of lignification
 j - 3 potions of curing
 m - a potion of heal wounds
 q - a potion of stabbing
 s - a potion of brilliance
 w - 2 potions of haste
 C - a potion of invisibility
Comestibles
 d - 22 rations


   Skills:
 + Level 9.0(14.0) Fighting
 + Level 9.1(14.1) Long Blades
 + Level 9.0(14.0) Dodging
 - Level 10.0(15.0) Stealth
 + Level 9.0(14.0) Shields
 + Level 5.5 Invocations


You had 11 spell levels left.
You didn't know any spells.
Your spell library contained the following spells:

 Spells                   Type           Power        Failure   Level  Hunger
 Cause Fear               Hex            #.........   98%         4    #####..
 Silence                  Hex/Air        #.........   100%        5    ######.
 Yara's Violent Unravell  Hex/Tmut       #.........   100%        5    ######.
 Discord                  Hex            #.........   100%        8    #######


Dungeon Overview and Level Annotations

Branches:
Dungeon (11/15)            Temple (1/1) D:5            Lair (0/6) D:11
Ossuary (visited)           IceCv (1/1)
    Orc: D:9-12

Altars:
Ashenzari
Cheibriados
Dithmenos
Elyvilon
Fedhas
Gozag
Hepliaklqana
Kikubaaqudgha
Makhleb
Nemelex Xobeh
Okawaru
Qazlal
Ru
Sif Muna
Trog
Uskayaw
Vehumet
Wu Jian
Xom
Yredelemnul
Zin
The Shining One

Shops:
D:4 [   D:6 ?   D:8 !   D:9 [

Annotations:
D:5 Duvessa
D:11 exclusion: oklob plant


Innate Abilities, Weirdness & Mutations

You cannot wear most types of armour.
You are very stealthy in the water. (Stealth+)
You are amphibious.
You can wear up to eight rings at the same time.
You can use your tentacles to constrict eight enemies at once.
Your skin changes colour to match your surroundings (Stealth+).
Your rubbery body absorbs attacks. (AC +1, EV +1)


Message History

You hit the ice dragon but do no damage.
The ice dragon is lightly wounded.
The ice dragon claws you! You block the ice dragon's attack.
Unknown command.
Unknown command.
Unknown command.
Unknown command.
Unknown command.
You hit the ice dragon but do no damage.
The ice dragon is lightly wounded.
The ice dragon breathes frost at you. The blast of cold hits you!!!
Unknown command.
You feel very mighty all of a sudden.
You block the ice dragon's attack. x2; The ice dragon misses you.
You feel yourself speed up. The ice dragon breathes frost at you.
The blast of cold hits you!!!
Ouch! That really hurt!
You die...

########
####...D..####
##.....@#.....###
#...##.###......#
#####..###$$.D....""
#...##.##$$$$.....="
##.#....#$$$$$$..====
##..###.####$$$$$$$###
####..## ### #########
###....## ......##


You could see an ice dragon (catching breath).

Vanquished Creatures
  Gastronok (D:8)
  2 two-headed ogres
  2 ice statues (IceCv)
  2 rime drakes (IceCv)
  A troll (D:11)
  Sigmund (D:3)
  8 yaks
  4 hogs (D:7)
  A human (D:7)
  Menkaure (D:4)
  A water moccasin (D:5)
  17 ice beasts
  4 orc warriors
  4 sky beasts
  2 black bears
  3 phantoms
  8 ogres
  4 centaurs
  Blork the orc (D:4)
  2 elf zombies (Ossuary)
  7 bullfrogs
  A water moccasin zombie (D:9)
  5 scorpions
  Dowan (D:5)
  3 killer bees
  4 wights (D:10)
  3 howler monkeys
  3 crimson imps
  3 centaur zombies
  A quasit (D:10)
  A jelly (D:7)
  A human zombie (Ossuary)
  3 bullfrog skeletons
  A gnoll shaman (D:7)
  A hound (D:4)
  5 orc wizards
  3 orc priests
  A centaur skeleton (D:6)
  4 iguanas
  5 worker ants
  2 hound skeletons
  4 hound zombies
  4 mummies (Ossuary)
  10 gnolls
  A howler monkey skeleton (D:9)
  9 adders
  4 shadow imps
  12 white imps (D:11)
  An ooze (D:1)
  An adder zombie (D:5)
  2 adder skeletons
  3 worms
  4 dart slugs
  6 leopard geckos
  18 orcs
  5 bats
  8 giant cockroaches
  10 goblins
  10 hobgoblins
  2 jackals (D:2)
  2 quokkas (D:2)
  5 ball pythons
  4 frilled lizards
  2 goblin zombies (Ossuary)
  A hobgoblin zombie (Ossuary)
  3 jackal zombies (Ossuary)
  6 kobolds
  A leopard gecko skeleton (D:4)
  A leopard gecko zombie (D:6)
  2 quokka skeletons
  7 rats
  A rat zombie (Ossuary)
276 creatures vanquished.

Notes
Turn   | Place    | Note
-------+----------+-------------------------------------------
     0 | D:1      | shadizar the Octopode Fighter began the quest for the Orb.
     0 | D:1      | Reached XP level 1. HP: 16/16 MP: 1/1
    48 | D:1      | Reached XP level 2. HP: 17/21 MP: 2/2
   367 | D:1      | Reached XP level 3. HP: 25/26 MP: 3/3
   996 | D:2      | Noticed a scorpion
  1000 | D:2      | Killed a scorpion
  1000 | D:2      | Reached XP level 4. HP: 25/32 MP: 4/4
  1441 | D:2      | Reached XP level 5. HP: 37/37 MP: 5/5
  1579 | D:2      | Found an opulent altar of Gozag.
  1989 | D:3      | Found a snail-covered altar of Cheibriados.
  2527 | D:3      | Noticed Sigmund
  2624 | D:4      | Noticed Menkaure
  2704 | D:4      | Noticed Blork the orc
  2888 | D:4      | Found a shadowy altar of Dithmenos.
  2888 | D:4      | Found an ancient bone altar of Kikubaaqudgha.
  2937 | D:4      | Reached skill level 1 in Stealth
  2985 | D:4      | Reached XP level 6. HP: 27/43 MP: 6/6
  3171 | D:4      | Noticed a phantom
  3259 | D:5      | Entered Level 5 of the Dungeon
  3349 | D:5      | Found a staircase to the Ecumenical Temple.
  3494 | D:5      | Noticed Duvessa
  3494 | D:5      | Noticed Dowan
  3604 | D:6      | Noticed a sky beast
  3605 | D:6      | Reached skill level 2 in Stealth
  3627 | D:6      | Killed a sky beast
  3628 | D:6      | Reached XP level 7. HP: 27/49 MP: 7/7
  3841 | D:6      | Found a sand-covered staircase.
  3849 | Ossuary  | Entered an ossuary
  3874 | Ossuary  | Reached skill level 3 in Stealth
  4476 | Temple   | Entered the Ecumenical Temple
  4540 | Temple   | Became a worshipper of Warmaster Okawaru
  4636 | D:6      | Found Yguw's Magic Scroll Emporium.
  5012 | D:6      | Reached skill level 5 in Long Blades
  5233 | D:6      | Reached XP level 8. HP: 52/54 MP: 8/8
  5320 | D:6      | Got a twisted great sword
  5362 | D:6      | Identified the +10 great sword "Fotaoj" {drain, *Slow rElec
                  | Str+6 Int-3} (You found it on level 6 of the Dungeon)
  5388 | D:5      | Noticed a two-headed ogre
  5482 | D:7      | Reached skill level 4 in Stealth
  5511 | D:7      | Reached skill level 5 in Fighting
  5511 | D:7      | Reached skill level 5 in Dodging
  5511 | D:7      | Reached skill level 1 in Invocations
  5602 | D:7      | Reached skill level 5 in Shields
  5781 | D:7      | Reached * piety under Okawaru
  5852 | D:7      | Reached skill level 5 in Stealth
  5861 | D:7      | Reached ** piety under Okawaru
  5861 | D:7      | Reached XP level 9. HP: 56/62 MP: 11/11
  5982 | D:7      | Found an opulent altar of Gozag.
  6019 | D:7      | Reached skill level 6 in Stealth
  6855 | D:5      | Killed a two-headed ogre
  6951 | D:5      | Reached skill level 7 in Stealth
  6957 | D:5      | Reached *** piety under Okawaru
  6996 | D:5      | Killed Dowan
  7260 | D:4      | Found a hazy altar of Hepliaklqana.
  7349 | D:4      | Reached XP level 10. HP: 68/69 MP: 13/13
  7560 | D:4      | Killed Blork the orc
  7694 | D:4      | Found Gaema's Armour Shoppe.
  7723 | D:4      | Killed Menkaure
  7944 | D:3      | Killed Sigmund
  8326 | D:8      | Found Veriojiu's Distillery.
  8532 | D:8      | Found a burning altar of Makhleb.
  8548 | D:8      | Noticed Gastronok
  8571 | D:8      | Killed Gastronok
  8571 | D:8      | Reached **** piety under Okawaru
  8571 | D:8      | Reached skill level 8 in Stealth
  8842 | D:8      | Noticed a two-headed ogre
  8853 | D:8      | Killed a two-headed ogre
  8853 | D:8      | Reached skill level 9 in Stealth
  9300 | D:9      | Reached XP level 11. HP: 72/76 MP: 14/14
  9549 | D:9      | Found Deyn's Antique Armour Boutique.
 10296 | D:10     | Entered Level 10 of the Dungeon
 10609 | D:10     | Reached ***** piety under Okawaru
 11109 | D:10     | Identified a scroll of acquirement
 11112 | D:10     | Got the ring "Uhoguduss" {+Fly rPois rN+ Int-3 Dex+6}
 11293 | D:11     | Found a white marble altar of Elyvilon.
 11458 | D:11     | Found a staircase to the Lair.
 11458 | D:11     | Noticed an oklob plant
 11670 | D:11     | Found a frozen archway.
 11681 | D:11     | Received a gift from Okawaru
 11715 | IceCv    | Entered an ice cave
 11955 | IceCv    | Reached skill level 5 in Invocations
 12253 | IceCv    | Reached skill level 10 in Stealth
 13147 | IceCv    | Reached XP level 12. HP: 85/85 MP: 13/16
 13193 | IceCv    | Noticed an ice dragon
 13196 | IceCv    | Noticed an ice dragon
 13205 | IceCv    | Killed from afar by an ice dragon

Illustrated notes

Levels and vault maps discovered:
D:1:      minmay_arrival_checkered_box, layout_loops_ring, feat_on_display
D:2:      layout_basic, nicolae_gozag_cash_rules_everything_around_me
D:3:      layout_basic, cheibriados_altar_1, first_ration,
          kennysheep_generic_room_12, uniq_sigmund
D:4:      layout_loops_ring, overflow_temple_1_default,
          grunt_temple_overflow_open, serial_shops, shop_statue, uniq_menkaure,
          uniq_blork_the_orc
D:5:      layout_basic, minmay_temple_entry_from_below_b, uniq_duvessa
D:6:      layout_loops_ring, serial_shops, kennysheep_little_box,
          nicolae_ossuary_entry_plus, minmay_strange_pillars,
          chequers_arboretum, dk_noncrumbling_3, minmay_strange_pillars
D:7:      layout_loops_ring, overflow_temple_1_default, grunt_livestock
D:8:      layout_loops_ring, kennysheep_mini_moat, serial_shops, shop,
          uniq_gastronok
D:9:      layout_basic, serial_shops, shop
D:10:     layout_loops_corners
D:11:     layout_cross, dpeg_oklobed_lair, portal_ice_cave_entry_imps,
          basic_altar, chequers_serial_rivers_micro_c
Temple:   kb_temple_of_zot
IceCv:    ice_cave_small_dragons

Skill      XL: |  1  2  3  4  5  6  7  8  9 10 11 12 |
---------------+-------------------------------------+-----
Long Blades    | 3 4 5 6 7 9 |  9.1
Fighting       | 4 5 6 7 9 |  9.0
Dodging        | 4 5 6 7 9 |  9.0
Stealth        | 1 2 3 5 7 9 10 | 10.0
Shields        | 4 5 6 7 8 9 |  9.0
Invocations    | 3 4 5 |  5.5

Action                   |  1- 3 |  4- 6 |  7- 9 | 10-12 || total
-------------------------+-------+-------+-------+-------++-------
Melee: Long sword        |    45 |   123 |   219 |   473 ||   860
       Constrict         |    14 |    28 |    52 |    49 ||   143
       Tentacles         |    11 |    18 |    50 |   169 ||   248
       Punch             |       |       |     3 |    17 ||    20
Invok: Heroism           |       |       |     7 |    23 ||    30
       Finesse           |       |       |       |     1 ||     1
 Abil: Evoke Flight      |       |       |       |     2 ||     2
  Use: Scroll            |       |       |    26 |     5 ||    31
       Potion            |       |       |     1 |     7 ||     8
 Stab: Sleeping          |     3 |    10 |    11 |    22 ||    46
       Distracted        |       |       |     1 |     1 ||     2
  Eat: Chunk             |       |     8 |     9 |    17 ||    34
       Ration            |       |       |     1 |     1 ||     2
Armor: Skin              |     1 |    14 |    20 |    24 ||    59
Dodge: Dodged            |    19 |    46 |    70 |   148 ||   283
Block: Kite shield       |    14 |    44 |   115 |   269 ||   442
       Rpst.: Long sword |     7 |    15 |    20 |    45 ||    87
